[Event "USA Championship 2022"]
[Site "Saint Louis"]
[Date "2022.10.06"]
[Round "2.4"]
[White "Moradiabadi, Elshan"]
[Black "Liang, Awonder"]
[Result "1-0"]
[ECO "C94"]
[WhiteElo "2534"]
[BlackElo "2608"]
[Annotator "TA"]
[PlyCount "121"]
[EventDate "2022.09.05"]
[EventType "tourn"]
[EventCountry "USA"]
[SourceTitle "playchess.com"]
[Source "ChessBase"]
[SourceQuality "1"]
[TimeControl "40/5400+30:1800+30"]

1. e4 e5 2. Nf3 Nc6 3. Bb5 a6 4. Ba4 Nf6 5. O-O Be7 6. Re1 b5 7. Bb3 d6 8. c3 O-O 9. h3 Bb7 10. a4 Nb8 11. d3 Nbd7 {[%emt 0:01:17] C94: Closed Ruy Lopez: Breyer Variation with 10 d3.} 12. Na3 c5 13. Bg5 {[%emt 0:03:29] [#]} Qb6 $146 {[%emt 0:09:55] The position is equal.} (13... c4 $5 14. dxc4 bxc4 $14) ({Predecessor:} 13... Bc6 14. Nc2 Nb6 15. axb5 axb5 16. Rxa8 Bxa8 17. Ne3 Nfd7 18. Bxe7 Qxe7 19. Nf5 Qf6 {½-½ (48) Lampert,J (2489)-Osmanodja,F (2296) Wunsiedel 2016}) 14. Nc2 c4 15. dxc4 Nc5 16. Bxf6 Bxf6 17. a5 Qc7 18. Ne3 {[%emt 0:01:46] Black must now prevent cxb5.} (18. Ba2 {is interesting.} Bxe4 19. Rxe4 Nxe4 20. cxb5 axb5 21. Bd5) 18... Nxb3 {[%emt 0:01:35] Black is on the road to losing.} ({Black should play} 18... bxc4 $14 19. Bxc4 Nxe4) 19. Qxb3 $16 Bxe4 20. cxb5 axb5 (20... Bxf3 $16 {keeps fighting.} 21. gxf3 Qd7) 21. Qxb5 $18 Bxf3 22. gxf3 Rfb8 23. Qc4 Qd7 24. b4 e4 (24... Qxh3 {is a better defense.} 25. Qg4 Qxg4+ 26. fxg4 Ra6) 25. Nd5 Qxh3 26. Qxe4 {[%emt 0:00:24] White is clearly winning.} ({Less strong is} 26. Nxf6+ gxf6 27. Rxe4 (27. Qxe4 $2 Kh8 $19) 27... Kh8 $18) 26... Be5 {[%emt 0:00:45] [#] ( -> ...Bh2+)} 27. f4 {[%emt 0:04:04] Active counter play!} Bxc3 28. Re3 Qg4+ 29. Rg3 Qxg3+ 30. fxg3 Bxa1 31. Qd3 Bf6 32. a6 Bd8 33. b5 h6 34. Kg2 Bb6 35. f5 Bc5 36. f6 gxf6 37. Nxf6+ Kg7 38. Nd7 Re8 39. Qc3+ Kh7 40. Nf6+ Kg6 41. Nxe8 Rxe8 {[%emt 0:30:02][%mdl 4096] Endgame KQ-KRB} 42. Qd3+ Kg7 43. Qf3 Re3 44. Qb7 {[%emt 0:01:48] Strongly threatening a7.} Rb3 45. Qc6 Kg6 46. Kh3 (46. a7 $142 Rb2+ 47. Kh3 Bxa7 48. Qxd6+ Kh7 49. Qe7) 46... Kg7 47. Qe8 Re3 48. Qc8 Ra3 49. Qg4+ Kf8 50. Qf4 Kg7 51. Kg4 Re3 52. Qa4 Re5 53. Qa5 Bf2 54. Qc3 Bc5 55. Qc4 Kf6 56. Kh3 {[%emt 0:00:00] Threatens to win with Qb3.} Rh5+ {[%emt 0:00:00] [#]} 57. Kg2 $1 Re5 58. Qg4 Re3 59. Qa4 {[%emt 0:00:00] aiming for a7.} Ba7 60. Qb4 Bc5 61. Qb2+ {[%emt 0:00:00] Weighted Error Value: White=0.23 (precise) /Black=0.37} 1-0

[Event "USA Championship 2022"]
[Site "Saint Louis"]
[Date "2022.10.06"]
[Round "2.5"]
[White "Aronian, Levon"]
[Black "Dominguez Perez, Leinier"]
[Result "1/2-1/2"]
[ECO "C42"]
[WhiteElo "2755"]
[BlackElo "2747"]
[Annotator "TA"]
[PlyCount "67"]
[EventDate "2022.09.05"]
[EventType "tourn"]
[EventCountry "USA"]
[SourceTitle "playchess.com"]
[Source "ChessBase"]
[SourceQuality "1"]
[TimeControl "40/5400+30:1800+30"]

1. e4 e5 2. Nf3 Nf6 3. Nxe5 d6 4. Nf3 Nxe4 5. d4 d5 6. Bd3 Nc6 7. O-O Be7 8. Nbd2 $1 {[%emt 0:00:32][%mdl 4] now scores much better than the old 8.c4.} Bf5 9. Re1 Nxd2 {[%emt 0:00:08] C42: Petroff Defence: 3 Nxe5 and unusual White 3rd moves.} 10. Qxd2 Qd7 11. Bxf5 Qxf5 {[%emt 0:00:10] White is slightly better.} 12. Ne5 Nd8 {[%emt 0:00:08] [#]} 13. Qc3 $146 ({Predecessor:} 13. Qa5 c6 14. Bd2 O-O 15. Bb4 Bxb4 16. Qxb4 Ne6 17. Qxb7 Rab8 18. Qxa7 Rxb2 19. Nxc6 Qxc2 {0-1 (25) Vokhidov,S (2552)-Nepomniachtchi,I (2792) Chess.com INT 2022}) 13... Ne6 14. Bd2 Bd6 15. Re3 O-O-O (15... O-O $11) 16. Rae1 $36 {[%emt 0:07:51][%cal Oe5f7][%mdl 2048] Black is under pressure.} Bxe5 17. Rxe5 Qg4 18. f4 g6 19. Qe3 Kb8 (19... Rhe8 $11) 20. Qf2 $16 {[%emt 0:05:33] [#] aiming for h3.} Ng7 21. f5 gxf5 (21... Nxf5 $2 22. h3 Qxd4 {[#]} 23. Rxf5 $1 Qxf2+ 24. Rxf2 $18) 22. Bh6 Rhg8 23. Bxg7 {[%emt 0:03:08] White is more active.} Rxg7 24. Rxf5 b6 25. c3 Rdg8 {[%emt 0:01:59] And now ...Qh3 would win.} 26. Re2 (26. g3 $16) 26... Qh3 $1 $11 {[%emt 0:00:47] The position is equal.} 27. Rxf7 Rxg2+ 28. Qxg2 Rxg2+ 29. Rxg2 {[%emt 0:00:03] KQ-KRR} Qe3+ 30. Rff2 Qe1+ 31. Rf1 Qe3+ 32. Rff2 Qe1+ 33. Rf1 Qe3+ 34. Rff2 {[%emt 0:00:47] Weighted Error Value: White=0.12 (very precise) /Black=0.08 (flawless)} 1/2-1/2

[Event "USA Championship 2022"]
[Site "Saint Louis"]
[Date "2022.10.06"]
[Round "2.6"]
[White "So, Wesley"]
[Black "Yoo, Christopher Woojin"]
[Result "0-1"]
[ECO "C42"]
[WhiteElo "2774"]
[BlackElo "2563"]
[Annotator "TA"]
[PlyCount "96"]
[EventDate "2022.09.05"]
[EventType "tourn"]
[EventCountry "USA"]
[SourceTitle "playchess.com"]
[Source "ChessBase"]
[SourceQuality "1"]
[TimeControl "40/5400+30:1800+30"]

1. e4 e5 2. Nf3 Nf6 3. Nxe5 d6 4. Nf3 Nxe4 5. d4 d5 6. Bd3 Bd6 7. O-O O-O 8. c4 c6 9. Re1 Bf5 10. Qb3 Qd7 {[%emt 0:00:10] C42: Petroff Defence: 3 Nxe5 and unusual White 3rd moves.} 11. c5 Bc7 {[%emt 0:00:58] [#]} 12. Qc2 $146 ({Predecessor:} 12. Nbd2 Re8 13. Nh4 Be6 14. Qc2 Na6 15. a3 Bg4 16. Nxe4 dxe4 17. Rxe4 Rxe4 18. Bxe4 Qxd4 {1-0 (65) Wei,Y (2727)-Dominguez Perez,L (2754) chess24.com INT 2022}) 12... Na6 {[%emt 0:00:15] The position is equal.} 13. a3 {[%emt 0:00:11] Inhibits Nb4.} Bg6 14. Nc3 f5 15. Ne2 Bh5 16. Ng3 $1 Bg6 17. Ne2 Bh5 $1 18. Ng3 Bg6 19. b4 Rae8 20. Bb2 (20. Ne5 $5 Bxe5 21. dxe5 $14) 20... Re6 21. Ne2 Qe7 22. Ne5 f4 (22... Qh4 $2 23. g3 Qg5 24. Nf4 $18) 23. Nxg6 Rxg6 24. f3 (24. Bxe4 dxe4 25. Nc3 e3 $11) 24... Qh4 25. Nc3 $1 (25. Bxe4 dxe4 26. Rf1 e3 $15) 25... Rh6 26. h3 (26. fxe4 Qxh2+ 27. Kf1 f3 28. Qf2 fxg2+ 29. Ke2 Rxf2+ 30. Kd1 Rxb2 31. Ne2 Bf4) ({White should play} 26. Nxe4 $14 Qxh2+ 27. Kf1 dxe4 28. Bxe4) 26... Ng5 $1 $11 27. Qf2 Qh5 28. b5 Nb8 (28... Nxh3+ $2 29. gxh3 Qxh3 30. Qg2 $18) 29. a4 (29. Re7 $2 Nxh3+ $1 30. gxh3 Qg5+ 31. Kh2 Qxe7 $19) 29... Bd8 (29... Qxh3 $5 30. Kf1 (30. gxh3 Nxh3+ 31. Kg2 Nxf2 $11) 30... Qd7 $15) 30. Re2 Qf7 {[%emt 0:04:04][%cal Oh6h3] White must now prevent ...Rxh3!} 31. Kf1 (31. Qf1 $14 {keeps the upper hand.}) 31... Nd7 $17 32. a5 {[%emt 0:00:47] [#]} (32. Rc2 $15) 32... Nxh3 $1 33. gxh3 Rxh3 34. Qg2 Qh5 {[%emt 0:00:20][%mdl 1024] Black has strong compensation.} 35. Rf2 Rg3 (35... Rh1+ 36. Ke2 Qe8+ 37. Kd2 Qe3+ 38. Kc2 Rxa1 39. Bxa1 Qxd4 40. Rd2 Qxc5 41. Qh3 $16) 36. Qh2 Rh3 37. Qg2 Re8 $1 (37... Rh1+ 38. Ke2 Qe8+ 39. Kd2 Qe3+ 40. Kc2 Rxa1 41. Bxa1 Qxd4 42. Rd2 Qxc5 43. Qh3 $16) 38. Ne2 {[%emt 0:00:01] aiming for Ng1.} (38. Kg1 $2 Rg3 39. a6 Rxg2+ $19) 38... Re3 $1 {[%emt 0:00:05][%csl LRd3,LRf3] Threatens to win with ...Rh1+.} 39. Ra3 $2 {[%emt 0:00:44] [#]} (39. Kg1 $17 {only move.} Bh4 40. Qxh3 Bxf2+ 41. Kg2 Qxh3+ 42. Kxh3 Rxf3+ 43. Kg2 Rxd3 44. Kxf2) 39... Rh1+ (39... Bxa5 $1 $19 40. Rxa5 Rexf3) 40. Ng1 {[%emt 0:00:02] [#] Hoping for Bc1.} Nf6 {[%emt 0:00:34] Black is much more active. The white rooks are badly placed.} (40... Bxa5 $1 $17 {[%mdl 512] ( -> ...Re1#)} 41. Rxa5 (41. Be2 Rxa3) 41... Rxd3) 41. Bc1 $15 Qh4 $1 {[%emt 0:01:53] And now ...Nh5 would win. The board is on fire.} 42. Bxe3 fxe3 43. Bxh7+ $1 Qxh7 (43... Nxh7 44. Rxe3 Nf8 45. Qg4 $16) 44. Rxe3 Bc7 {[%emt 0:03:07] Strongly threatening ...Bf4.} 45. Re7 $2 {[%emt 0:08:22][%mdl 8192] [#]} (45. Rb3 $11 Rh2 46. Qg5 Rxf2+ 47. Kxf2 Qc2+ 48. Ne2 Qxb3 49. Qf5 Qxb5 50. Qc8+ Kh7 51. Qxc7) 45... Qb1+ $2 ({Worse is} 45... Rh2 46. Rxc7 (46. Qg5 Qb1+ 47. Re1 Qxb5+ 48. Ree2 Qb1+ 49. Re1 Qd3+ 50. Ree2 Qd1+ 51. Re1 Qd3+ 52. Ree2 Rxf2+ 53. Kxf2 Qxd4+ 54. Kg2 Qxc5 $11) 46... Qb1+ 47. Ke2 Qc2+ 48. Ke1 Qc1+ 49. Ke2 Qc4+ 50. Ke1 Qb4+ 51. Ke2 Qc4+ 52. Ke1 Qc3+ 53. Kf1 Qc1+ 54. Ke2 Qc2+ 55. Ke1 Qc3+ 56. Kf1 Qc1+ 57. Ke2 $17) (45... Nh5 $1 46. Rd2 (46. f4 Qb1+) 46... Bf4 47. bxc6 Ng3+ 48. Ke1 Bxd2+ 49. Kxd2 Rh2) 46. Re1 $19 ({Don't blunder} 46. Ke2 $2 Qxb5+ 47. Kd2 Qb2+ 48. Kd3 Qb3+ 49. Ke2 Qc4+ 50. Kd1 Qxd4+ 51. Kc2 Qxc5+ 52. Kd1 Rxg1+ 53. Qxg1 Qxe7 $19) 46... Qd3+ 47. Rfe2 $2 (47. Ree2 Nh5 48. Qxh1 Ng3+ 49. Kg2 Nxh1 50. Kxh1) 47... Rh2 48. Qg5 Nh5 {[%emt 0:00:05] Weighted Error Value: White=0.44/Black=0.32} 0-1

[Event "USA Championship 2022"]
[Site "Saint Louis"]
[Date "2022.10.06"]
[Round "2.7"]
[White "Lenderman, Aleksandr"]
[Black "Sevian, Samuel"]
[Result "1/2-1/2"]
[ECO "E04"]
[WhiteElo "2535"]
[BlackElo "2684"]
[Annotator "TA"]
[PlyCount "70"]
[EventDate "2022.09.05"]
[EventType "tourn"]
[EventCountry "USA"]
[SourceTitle "playchess.com"]
[Source "ChessBase"]
[SourceQuality "1"]
[TimeControl "40/5400+30:1800+30"]

1. d4 Nf6 2. c4 e6 3. g3 d5 4. Bg2 dxc4 5. Nf3 c5 6. O-O Nc6 7. dxc5 Qxd1 8. Rxd1 Bxc5 9. Nbd2 c3 10. bxc3 O-O 11. Nb3 Be7 12. Nfd4 Bd7 {[%emt 0:18:30] 12...Nxd4 is more advanced technology.} 13. a4 {E04: Open Catalan: 5 Nf3.} Rfd8 14. Nb5 {[%emt 0:01:52] [#]} a6 $146 ({Predecessor:} 14... Rac8 15. Be3 Nd5 16. Bxd5 exd5 17. Rxd5 Be6 18. Rxd8+ Rxd8 19. N3d4 Nxd4 20. Nxd4 Bc4 {1-0 (68) Nihal,S (2620)-Petrosyan,M (2625) Veliko Gradiste 2021}) 15. Nd6 {[%emt 0:00:58] White has an edge.} Be8 {[%emt 0:04:23] The position is equal.} 16. Ba3 Bxd6 17. Rxd6 Nd5 18. Bxd5 exd5 19. Rxd8 Nxd8 20. Bb4 Ne6 21. a5 Bb5 22. e3 Rc8 23. f3 h5 24. Kf2 f6 25. Nd4 Nxd4 26. exd4 $11 {[%emt 0:00:06][%mdl 4096] Endgame KRB-KRB} Re8 27. Re1 {[%emt 0:00:04] Prevents Re2+.} Rxe1 28. Kxe1 {[%emt 0:00:04] KB-KB} Kf7 29. Bc5 g5 30. Kd2 Ke6 31. Ke3 Ba4 32. Bb6 Bb5 33. Bc5 Ba4 34. Bb6 Bb5 35. Bc5 Ba4 {[%emt 0:00:08] Not much happened in this game.  Weighted Error Value: White=0.01 (flawless) /Black=0.01 (flawless)} 1/2-1/2

[Event "USA Championship 2022"]
[Site "Saint Louis"]
[Date "2022.10.07"]
[Round "3.1"]
[White "Yoo, Christopher Woojin"]
[Black "Moradiabadi, Elshan"]
[Result "1-0"]
[ECO "E04"]
[WhiteElo "2563"]
[BlackElo "2534"]
[Annotator "TA"]
[PlyCount "77"]
[EventDate "2022.09.05"]
[EventType "tourn"]
[EventCountry "USA"]
[SourceTitle "playchess.com"]
[Source "ChessBase"]
[SourceQuality "1"]
[TimeControl "40/5400+30:1800+30"]

1. d4 d5 2. c4 e6 3. Nf3 Nf6 4. g3 dxc4 5. Bg2 c5 6. Qa4+ Bd7 7. Qxc4 Bc6 8. dxc5 Nbd7 9. Be3 {[%emt 0:05:15] E04: Open Catalan: 5 Nf3.} Rc8 (9... Bd5 $5 10. Qb4 a5 $11) 10. b4 b6 11. O-O {[%emt 0:10:19] The position is equal.} bxc5 {[%emt 0:00:03] [#]} 12. b5 $146 ({Predecessor:} 12. bxc5 Bxc5 13. Bxc5 Bxf3 14. Bxf3 Rxc5 15. Qa6 Qb6 16. Qxb6 axb6 17. Nd2 O-O 18. Nb3 Rc7 19. Rfc1 Rfc8 20. Rxc7 Rxc7 21. Rd1 {½-½ (21) Katona,A-Veres,E Hungary 1996}) 12... Bb7 13. Rd1 Be7 14. a4 O-O 15. a5 Nb6 {[%emt 0:04:15] [#]} 16. Qc2 (16. Qb3 $1 $16 Nbd5 17. a6) 16... Nbd5 $11 17. Bd2 Qe8 18. Qc4 (18. Na3 $142) 18... Nb4 $1 19. Na3 Ne4 20. Bf4 $1 Bd5 21. Qc1 c4 22. Ne5 Nc5 (22... Nd6 $15 23. b6 axb6 24. axb6 Bxg2 25. Kxg2 Nd5) 23. Nexc4 {[%emt 0:11:02] Threatens to win with Nd6.} Bxg2 ({Black should play} 23... Nb3 $11 24. Qb2 Bxc4 25. Nxc4 Nxa1) 24. Nd6 $1 $14 ({Much weaker is} 24. Kxg2 Nb3 25. Qb2 Nxa1 $15) 24... Bxd6 25. Bxd6 Nb3 (25... Nb7 $14 26. Qb2 Nxd6 27. Rxd6 Qe7 28. Qxb4 Bd5) 26. Qb2 $16 Nxa1 27. Bxb4 {[%emt 0:01:45] Really sharp!} Ba8 28. Rxa1 $40 {[%emt 0:01:18][%mdl 128] White has strong attack. White is more active.} Qd7 (28... Qd8 $16 {was necessary.}) 29. Bxf8 $18 Rxf8 30. Rc1 ({Don't play} 30. f3 Rc8 31. Rc1 h6) 30... a6 (30... h5 {is a better defense.} 31. f3 h4) 31. b6 Qd5 32. f3 Qxa5 33. Nc4 Qd5 34. Ne3 Qg5 (34... Qb5 $16 35. Qxb5 axb5) 35. Kf2 {[%emt 0:00:52] aiming for Rc7.} Qf6 $2 (35... Qb5 {keeps fighting.} 36. Nc4 Qxb2 37. Nxb2 g5) 36. Qb4 a5 37. Qxa5 {[%emt 0:00:21] White is clearly winning.} Qh6 38. h4 f5 {[%emt 0:00:05] [#]} 39. Qxa8 $3 {[%emt 0:00:39][%mdl 512] Weighted Error Value: White=0.13 (very precise) /Black=0.36} 1-0

[Event "USA Championship 2022"]
[Site "Saint Louis"]
[Date "2022.10.07"]
[Round "3.2"]
[White "Dominguez Perez, Leinier"]
[Black "Robson, Ray"]
[Result "1/2-1/2"]
[ECO "C67"]
[WhiteElo "2747"]
[BlackElo "2690"]
[Annotator "TA"]
[PlyCount "186"]
[EventDate "2022.09.05"]
[EventType "tourn"]
[EventCountry "USA"]
[SourceTitle "playchess.com"]
[Source "ChessBase"]
[SourceQuality "1"]
[TimeControl "40/5400+30:1800+30"]

1. e4 e5 2. Nf3 Nc6 3. Bb5 Nf6 4. O-O Nxe4 5. d4 Nd6 6. Bxc6 dxc6 7. dxe5 Nf5 8. Qxd8+ Kxd8 9. h3 Bd7 {[%emt 0:02:19] C67: Ruy Lopez: Berlin Defence: 4 0-0 Nxe4.} 10. Rd1 Be7 11. g4 Nh4 12. Nxh4 Bxh4 13. Nd2 Kc8 14. Nf3 Be7 15. Bg5 $1 {[%emt 0:00:13][%mdl 4] outshines the older 15.Rd3.} Bc5 16. Rd3 Be6 {[%emt 0:04:52] [#]} 17. Kg2 $146 ({Predecessor:} 17. Nd4 Bxd4 18. Rxd4 c5 19. Rd3 h6 20. Bh4 g5 21. Bg3 h5 22. f3 b6 23. Kg2 {½-½ (43) Shirov,A (2693)-Grischuk,A (2742) Chess.com INT 2022}) 17... b5 18. Be3 Bb6 19. Kg3 Kb7 20. a4 h6 21. Nd4 Bxd4 22. Bxd4 h5 23. a5 a6 24. f3 Rh7 25. Rh1 Rah8 26. Rh2 Re8 27. Rdd2 Kc8 28. b3 Kb7 29. Bc5 Bd5 30. Rde2 Be6 31. Re4 Bd5 32. Re3 Be6 33. Ree2 Kc8 34. Re4 Bd5 35. Re3 Be6 36. Re4 Bd5 37. Ree2 Be6 38. Rd2 Bd5 39. Bd4 Be6 (39... g5 $11) 40. f4 (40. h4 $14) 40... g6 $1 $11 41. Rdf2 Rg8 42. Bc5 Kd7 43. Rd2+ Kc8 44. Be7 hxg4 (44... Re8 $11 45. Bc5 Reh8) 45. hxg4 $14 Rgh8 46. Rxh7 {[%emt 0:00:00] White is more active.} Rxh7 {[%emt 0:00:03][%mdl 4096] Endgame KRB-KRB} 47. Rd8+ Kb7 48. Bc5 Rh1 49. Rd3 Rf1 (49... Kc8 $11) 50. Rf3 $1 $16 Rxf3+ 51. Kxf3 {[%emt 0:00:00] KB-KB} Bd5+ 52. Kg3 Be4 {[%emt 0:01:43] [#]} 53. b4 (53. c3 $1 $16) 53... Kc8 (53... Bxc2 $11 {remains equal.} 54. Kh4 Bb3) 54. c3 Kd7 55. Kh4 Ke6 56. Kg5 {[%emt 0:00:06] Prevents f6+.} Bd3 57. Ba7 Bc2 58. Bb8 (58. Bd4 $16) 58... c5 $14 59. Bxc7 cxb4 ({Better is} 59... c4 $1 $14) 60. cxb4 $16 Bd1 {[%emt 0:01:53] [#]} 61. f5+ $1 gxf5 62. gxf5+ Ke7 63. Bd6+ Kd7 64. Kh6 Bb3 {[%emt 0:00:26] Prevents e6+.} 65. Kg7 {[%emt 0:00:51] Black must now prevent Kf8.} Ke8 66. Bc5 Bc4 67. Be3 Bb3 68. Kf6 Kd7 {[%emt 0:00:08] Prevents e6+.} 69. Bh6 Bc4 70. Bf8 Bb3 71. Bc5 Bc4 72. Kg5 Bb3 73. Kf4 Bc4 74. Ke3 Bb3 75. Kd4 Kc6 76. Ke4 Kd7 77. Bf2 Bc4 78. Bh4 Ba2 79. Kf4 Bc4 80. Kg5 Bb3 81. Kf6 Bc4 82. Kg7 {[%emt 0:00:26] Hoping for Kf8.} Ke8 83. Bg3 Bb3 84. e6 fxe6 85. f6 {[%emt 0:00:05] f7+ would kill now.} e5 86. Bxe5 Bf7 87. Bg3 Bc4 88. Kg6 Bf7+ 89. Kf5 Kd7 90. Ke5 Kc6 91. Kf5 Kd7 $1 92. Ke5 Kc6 $1 93. Kf5 Kd7 {Weighted Error Value: White=0.12 (very precise) /Black=0.15 (very precise)} 1/2-1/2

[Event "USA Championship 2022"]
[Site "Saint Louis"]
[Date "2022.10.07"]
[Round "3.3"]
[White "Sevian, Samuel"]
[Black "Aronian, Levon"]
[Result "1/2-1/2"]
[ECO "D37"]
[WhiteElo "2684"]
[BlackElo "2755"]
[Annotator "TA"]
[PlyCount "196"]
[EventDate "2022.09.05"]
[EventType "tourn"]
[EventCountry "USA"]
[SourceTitle "playchess.com"]
[Source "ChessBase"]
[SourceQuality "1"]
[TimeControl "40/5400+30:1800+30"]

1. c4 Nf6 2. d4 e6 3. Nf3 d5 4. Nc3 Be7 5. Bf4 O-O 6. e3 Nbd7 7. c5 Nh5 8. Bd3 Nxf4 9. exf4 b6 10. b4 $1 a5 11. a3 c6 12. O-O Ba6 13. g3 Bf6 14. Qc2 Bxd3 15. Qxd3 Qc8 16. Rfc1 Qb7 17. Rab1 axb4 18. axb4 Ra3 19. Qd2 Qa8 20. Kg2 h6 21. Nd1 Rb8 22. Ne3 Qa4 23. Qd1 Qxd1 24. Rxd1 Ra4 25. b5 Rc8 26. bxc6 Rxc6 27. cxb6 Rxb6 28. Rbc1 Rb8 29. f5 exf5 (29... Bg5 $11) 30. Nxd5 ({White should play} 30. Nxf5 $14 Nf8 31. Ne5) 30... Ra5 $11 31. Ne3 Bg5 32. Nc4 Rd5 33. Ra1 Rc8 34. h4 Bf6 35. Ne3 Rb5 36. Ra7 Nf8 37. d5 f4 38. gxf4 Ng6 39. Ra4 $1 Rcb8 (39... h5 $142) 40. h5 $16 Nh4+ 41. Nxh4 Bxh4 42. Nf5 Bf6 43. Ra3 Rd8 44. Ne3 (44. Ra6 $142) 44... Be7 $16 45. Rad3 Bd6 46. Kf3 Kh7 (46... g6 $14) 47. Rc1 $16 Bc5 {[%emt 0:01:14] [#]} (47... Rb4 $16 {was worth a try.}) 48. Ng4 (48. d6 $1 $18) 48... Bd6 (48... Bf8 $142) 49. Ne3 Bc5 $1 50. Ng4 Bd6 $1 51. Rcd1 (51. Rc6 $16) 51... Re8 52. Rd4 Bc5 53. Rc4 Rb3+ {[%emt 0:04:29] [#]} 54. Kg2 $1 Bd6 55. Ne3 Rd8 56. Ng4 Re8 $1 57. Ne5 Rb7 58. Nf3 Rb5 59. Rd2 Rd8 60. Rcd4 Re8 61. Rc4 Rd8 $1 62. Rcd4 Re8 63. Nh4 Rd8 64. Nf5 Bc5 65. R4d3 $1 Bb4 66. Rd1 Bc5 (66... g6 $14) 67. Kf3 Rb2 68. R1d2 Rxd2 69. Rxd2 g6 70. hxg6+ Kxg6 71. Ne3 f5 72. Nc4 Kf6 73. Ra2 ({Better is} 73. Kg3 $16) 73... Rxd5 $11 74. Ra6+ Ke7 75. Rxh6 Rd3+ 76. Kg2 Rc3 77. Ne5 Bd6 78. Ng6+ Kf7 79. Ne5+ Ke7 80. Rh4 Ke6 81. Nf3 Rc4 82. Ng5+ Kd5 83. Nh3 Rb4 84. Rh5 Ke6 85. Rh6+ Ke7 86. Kg3 Ra4 87. Rh8 Kf6 88. Rc8 Rb4 89. Rc6 Ke7 90. Ra6 Rc4 91. Ra5 Kf6 92. Rd5 Ke6 93. Rd3 Ke7 94. Rf3 Kf6 95. Ng1 Re4 96. Nh3 Rc4 97. Ng1 Re4 98. Nh3 Rc4 1/2-1/2

[Event "USA Championship 2022"]
[Site "Saint Louis"]
[Date "2022.10.07"]
[Round "3.4"]
[White "Xiong, Jeffery"]
[Black "So, Wesley"]
[Result "1/2-1/2"]
[ECO "D27"]
[WhiteElo "2690"]
[BlackElo "2774"]
[Annotator "TA"]
[PlyCount "78"]
[EventDate "2022.09.05"]
[EventType "tourn"]
[EventCountry "USA"]
[SourceTitle "playchess.com"]
[Source "ChessBase"]
[SourceQuality "1"]
[TimeControl "40/5400+30:1800+30"]

1. d4 d5 2. c4 dxc4 3. Nf3 a6 4. e3 Nf6 5. Bxc4 e6 6. O-O c5 7. b3 cxd4 8. Nxd4 Be7 9. Bb2 O-O {[%emt 0:00:06] D27: Queen's Gambit Accepted: Classical main line: 7 e4!? and 7 a4.} 10. Nd2 b5 11. Be2 Bb7 12. Rc1 Qd7 13. a4 (13. N2f3 Rd8 14. Ne5 Qd6 15. Bf3 Nd5 16. Nxf7 Kxf7 17. Bg4 Nf6 18. Bxe6+ Kf8 19. Bh3 Kf7 20. Be6+ Kf8 21. Bh3 Kf7 22. Be6+ {½-½ (22) Xiong,J (2687)-So,W (2772) Chess.com INT 2021}) 13... Nc6 {[%emt 0:03:14] [#]} 14. axb5 $146 (14. N2f3 {is more complex.} Nxd4 15. Bxd4 Rfc8 16. Rxc8+ Rxc8 17. Bxf6 Qxd1 18. Rxd1 Bxf6 19. axb5 axb5 20. Bxb5 Rc3 21. Bc4) ({Predecessor:} 14. N2f3 Nxd4 15. Qxd4 bxa4 16. Qxd7 Nxd7 17. Rc7 Bc8 18. bxa4 Bd8 19. Rc2 Bb7 20. Rd1 {1-0 (49) Assaubayeva,B (2375)-Shome,S (2298) Budapest 2019}) 14... Nxd4 15. Bxd4 {[%emt 0:00:04] And now b6 would win.} axb5 16. Nf3 Rfc8 (16... Rfd8 {is interesting.} 17. Bxf6 Bxf6 18. Qxd7 Rxd7 19. Bxb5 Rdd8) 17. Bxf6 (17. Rxc8+ {seems wilder.} Rxc8 18. Bxf6 Qxd1 19. Rxd1 gxf6 20. Bxb5 Bd5 21. Nd4) 17... Qxd1 18. Rxc8+ Rxc8 19. Rxd1 Bxf6 20. Bxb5 Bxf3 21. gxf3 $11 {[%emt 0:00:04][%mdl 4096] Endgame KRB-KRB} Rc2 22. Bd3 Ra2 23. Rc1 {[%emt 0:05:51] [#] Rc8+ would kill now.} Ra1 24. Bb1 {[%emt 0:00:32] White threatens Rc8+ and mate.} Kf8 25. Kg2 Ke7 26. b4 Bb2 27. Rd1 Bc3 28. b5 Ba5 29. f4 g6 30. Kf3 h6 31. Ke2 g5 32. fxg5 hxg5 33. h3 Kf6 34. Rc1 Ke7 35. Rf1 Kf6 36. Kf3 Bb6 37. Ke2 Ba5 38. Kf3 Bb6 39. Ke2 Ba5 {[%emt 0:00:28] Weighted Error Value: White=0.08 (flawless) /Black=0.03 (flawless)} 1/2-1/2

[Event "USA Championship 2022"]
[Site "Saint Louis"]
[Date "2022.10.07"]
[Round "3.5"]
[White "Liang, Awonder"]
[Black "Lenderman, Aleksandr"]
[Result "1-0"]
[ECO "D23"]
[WhiteElo "2608"]
[BlackElo "2535"]
[Annotator "TA"]
[PlyCount "79"]
[EventDate "2022.09.05"]
[EventType "tourn"]
[EventCountry "USA"]
[SourceTitle "playchess.com"]
[Source "ChessBase"]
[SourceQuality "1"]
[TimeControl "40/5400+30:1800+30"]

1. d4 d5 2. c4 c6 3. Nf3 Nf6 4. Qc2 dxc4 5. Qxc4 Bf5 6. g3 e6 7. Bg2 Be7 8. O-O O-O 9. Nc3 Nbd7 10. a4 Ne4 {[%emt 0:13:25] D23: Queen's Gambit Accepted: 3 Nf3 Nf6 sidelines.} 11. a5 Nxc3 12. bxc3 Be4 $1 {[%emt 0:00:11] [#] The position is equal.} 13. Qb3 $5 $146 {[%emt 0:08:01][%mdl 8] New and interesting.} (13. Ne1 {with more complications.} b5 14. axb6 Bd5 15. Qd3) ({Predecessor:} 13. Nd2 Bxg2 14. Kxg2 Qc7 15. Nf3 b5 16. axb6 axb6 17. Rb1 Qb7 18. e4 Ra5 19. Re1 {0-1 (54) Dreev,A (2670)-Yagupov,I (2405) Tula 2019}) 13... c5 14. Nd2 Bxg2 15. Kxg2 Qc7 16. Nf3 b6 17. Qa4 cxd4 18. cxd4 bxa5 19. Bf4 Qb7 {[%emt 0:00:32] [#] ...g5 is the strong threat.} 20. Rfc1 {[%emt 0:06:55] And now Rc7 would win.} e5 21. dxe5 Bb4 22. e6 Nc5 23. exf7+ Qxf7 24. Qa2 Qxa2 25. Rxa2 Rfe8 26. Be3 (26. Rc4 {feels hotter.} Re4 27. Nd4 Ne6 28. Be3) 26... Ne4 27. Rc6 a6 (27... Nc3 $11 {keeps the balance.} 28. Rd2 Nb5) 28. Bd4 $16 Nd6 29. Rc7 {[%emt 0:01:39] White is more active.} Nf5 30. Bb6 Re7 31. Rcc2 ({Don't play} 31. Bxa5 Bxa5 32. Rxe7 Nxe7 $16) 31... a4 (31... Ree8 $142 32. Bxa5 Bf8) 32. Rxa4 $18 a5 {[%emt 0:00:05] [#]} 33. Rca2 $1 {[%emt 0:00:38] Hoping for Rxb4.} Bc3 34. R2a3 ({Worse is} 34. Bxa5 Rea7 $11) 34... Bb2 35. Rxa5 Rf8 (35... Rxa5 36. Rxa5 g6 37. Ra8+ Kg7) 36. Rb3 {[%emt 0:01:01] White is clearly winning.} Rxe2 37. Ra2 Rb8 38. Kf1 Nd4 39. Bxd4 ({Not} 39. Raxb2 Rxb2 40. Rxb2 Nxf3 $16) 39... Rxb3 40. Kxe2 {[%emt 0:00:07] Weighted Error Value: White=0.06 (flawless) /Black=0.33} 1-0